 Dungeon Crawl Stone Soup version 0.30.0-5-g1a98f26d00 (webtiles) character file.

Game seed: 18420889554744402321

6084 retardedninja the Magician (level 10, -1/76 HPs)
             Began as a Gnoll Fire Elementalist on May 12, 2023.
             Was a Believer of Cheibriados.
             Slain by a troll (9 damage)
             ... on level 8 of the Dungeon.
             The game lasted 00:17:45 (14506 turns).

retardedninja the Magician (GnFE)                  Turns: 14506, Time: 00:17:50

Health: -1/76      AC: 10    Str: 12    XL:     10   Next: 88%
Magic:  13/21      EV: 16    Int: 22    God:    Cheibriados [**....]
Gold:   421        SH:  5    Dex: 17    Spells: 14/24 levels left

rFire   + + .        o - +9 lance "Wyrmbane" {slay drac, rPois rF+ rC+ AC+3}
rCold   + . .        (no shield)
rNeg    . . .        a - +2 robe
rPois   +            (no helmet)
rElec   .            B - +2 cloak
rCorr   .            (no gloves)
SInv    .            (no boots)
Will    .....        F - amulet of reflection
Stlth   ++++         i - ring of protection from fire
HPRegen 0.32/turn    (no ring)
MPRegen 0.17/turn

%: reflection
@: very slow
A: fangs 1, strong nose, distributed training
a: Renounce Religion, Bend Time


You were on level 8 of the Dungeon.
You worshipped Cheibriados.
Cheibriados was pleased with you.
You visited 2 branches of the dungeon, and saw 10 of its levels.
You also visited: Sewer.

You collected 421 gold pieces.

Inventory:

Hand Weapons
 o - the +9 lance "Wyrmbane" (weapon) {slay drac, rPois rF+ rC+ AC+3}
   (You took it off Maggie on level 8 of the Dungeon)

   AC:        It affects your AC (+3).
   rF:        It protects you from fire.
   rC:        It protects you from cold.
   rPois:     It protects you from poison.
Armour
 a - a +2 robe (worn)
 B - a +2 cloak (worn)
Jewellery
 i - a ring of protection from fire (left hand)
 F - an amulet of reflection (around neck)
Wands
 b - a wand of digging (2)
 s - a wand of polymorph (5)
 t - a wand of flame (29)
Scrolls
 d - 2 scrolls of silence {unknown}
 e - 2 scrolls of vulnerability {unknown}
 g - a scroll of magic mapping {unknown}
 p - a scroll of noise {unknown}
 q - a scroll of torment {unknown}
 v - 2 scrolls of fog
 D - 2 scrolls of teleportation {unknown}
Potions
 h - 2 potions of degeneration
 j - 3 potions of cancellation
 k - a potion of berserk rage {unknown}
 n - 5 potions of mutation
 r - 2 potions of brilliance
 x - 2 potions of flight
 z - 2 potions of haste
 A - a potion of lignification
 E - a potion of resistance {unknown}


   Skills:
 + Level 5.9 Fighting
 + Level 5.9 Short Blades
 + Level 5.9 Long Blades
 + Level 5.9 Axes
 + Level 5.9 Maces & Flails
 + Level 5.9 Polearms
 + Level 5.9 Staves
 + Level 5.9 Ranged Weapons
 + Level 5.9 Throwing
 + Level 5.9 Armour
 + Level 7.5 Dodging
 + Level 7.3 Stealth
 + Level 5.9 Shields
 + Level 5.9 Unarmed Combat
 + Level 7.8 Spellcasting
 + Level 5.4 Conjurations
 + Level 4.9 Hexes
 + Level 4.9 Summonings
 + Level 4.9 Necromancy
 + Level 4.9 Translocations
 + Level 4.9 Transmutations
 + Level 7.4 Fire Magic
 + Level 4.9 Ice Magic
 + Level 4.9 Air Magic
 + Level 4.9 Earth Magic
 + Level 4.9 Poison Magic
 + Level 6.5 Invocations
 + Level 5.9 Evocations


You had 14 spell levels left.
You knew the following spells:

 Your Spells              Type           Power      Damage    Failure   Level
a - Foxfire               Conj/Fire      100%       2x1d9     1%          1
b - Scorch                Fire           82%        2d8       1%          2
c - Flame Wave            Conj/Fire      36%        2d10      5%          4
d - Inner Flame           Hex/Fire       35%        N/A       1%          3

Your spell library contained the following spells:

 Spells                   Type           Power      Damage    Failure   Level
 Poisonous Vapours        Pois/Air       60%        N/A       1%          2
 Static Discharge         Conj/Air       62%        2-5/arc   1%          2
 Sublimation of Blood     Necr           30%        N/A       1%          2
 Volatile Blastmotes      Fire/Tloc      70%        2d15      1%          3
 Hailstorm                Conj/Ice       31%        3d8       2%          3
 Mephitic Cloud           Conj/Pois/Air  30%        N/A       2%          3
 Gell's Gravitas          Tloc           30%        N/A       3%          3
 Ozocubu's Armour         Ice            30%        N/A       3%          3
 Teleport Other           Tloc           30%        N/A       3%          3
 Airstrike                Air            15%        2d(3-19)  10%         4
 Ice Form                 Ice/Tmut       30%        N/A       10%         4
 Leda's Liquefaction      Hex/Erth       15%        N/A       10%         4
 Petrify                  Tmut/Erth      30%        N/A       10%         4
 Summon Lightning Spire   Summ/Air       30%        N/A       10%         4
 Freezing Cloud           Conj/Ice/Air   15%        6-21      26%         5
 Irradiate                Conj/Tmut      15%        3d16      26%         5
 Lee's Rapid Deconstruct  Erth           15%        3d10*     28%         5
 Dispersal                Tloc           15%        N/A       83%         6
 Simulacrum               Ice/Necr       15%        N/A       83%         6
 Statue Form              Tmut/Erth      20%        N/A       83%         6
 Ozocubu's Refrigeration  Ice            15%        4d10      100%        7


Dungeon Overview and Level Annotations

Branches:
Dungeon (9/15)             Temple (1/1) D:7           Sewer (visited)
   Lair: D:8-11         Orc: D:9-12

Altars:
Ashenzari
Cheibriados
Dithmenos
Elyvilon
Fedhas
Gozag
Hepliaklqana
Kikubaaqudgha
Makhleb
Nemelex Xobeh
Okawaru
Qazlal
Ru
Sif Muna
Trog
Uskayaw
Vehumet
Wu Jian
Xom
Yredelemnul
Zin
The Shining One

Shops:
D:7 !


Innate Abilities, Weirdness & Mutations

You have very sharp teeth.
Your uncanny sense of smell can sniff out nearby items.
Your experience applies equally to all skills.


Message History

The troll claws you but does no damage. The troll claws you!
The troll closely misses you. x2; The troll claws you!
The gnoll hits you from afar with a +0 spear.
There is a stone staircase leading up, spattered with blood here.
The gnoll hits you from afar with a +0 spear.
The troll misses you. You block the troll's attack.
The troll barely misses you.
You climb upwards.
There is a stone staircase leading down, spattered with blood here.
Casting: Flame Wave (dangerous; 5% risk of failure)
Confirm with . or Enter, or press ? or * to list all spells.
Casting: Flame Wave (dangerous; 5% risk of failure)
Press: ? - help, Dir - look around, f - activate A wave of flame ripples out!
The flame wave engulfs the troll!
The troll is moderately wounded. (Press . to intensify the flame waves.)
The troll misses you. The troll claws you but does no damage.
The troll claws you!
A wave of flame ripples out!
The flame wave engulfs the troll!
The troll is heavily wounded.
The troll bites you! The troll barely misses you. You block the troll's attack.
Unknown command.
A wave of flame ripples out!
The flame wave engulfs the troll.
The troll is heavily wounded.
You finish channelling waves of flame.
The troll bites you!
* * * LOW HITPOINT WARNING * * *
You block the troll's attack. The troll claws you but does no damage.
Unknown command.
You block the troll's attack. The troll misses you.
The troll closely misses you.
Unknown command.
Unknown command.
Casting: Flame Wave (dangerous; 5% risk of failure)
Confirm with . or Enter, or press ? or * to list all spells.
Flames lash the troll.
The troll is almost dead.
The troll's fire resistance burns away.
The troll bites you!
* * * LOW HITPOINT WARNING * * *
The troll closely misses you. The troll claws you!
You die...

#'## #.......(....≈.≈.._≈.≈....
#.# #.###.....#..≈.≈.≈≈≈.≈.###
#.# #.# #...#.#....≈.....≈....
#.# #.# #...#.#..≈≈≈≈≈≈≈≈≈.###
#.######.# #.....#.[≈.....≈......
.........# #...###..≈.≈≈≈.≈.≈...#
#.##########.#.#....≈.≈_..≈.≈..##
#.#..........#.T.##.≈.≈≈≈≈≈.≈..#
#.#.##########.#@[..≈.......≈..#
..#.# #.####.≈≈≈≈≈≈≈≈≈.## #.#.#
#.# #...........# #.#.# #.#
#######.#.### ###.# #.# #.#.#
....# #.# #.#.# #####
#.##########.#.#####
#...)........#......
####################


You could see a troll (combustible).

Vanquished Creatures
  Pikel (D:7)
  2 komodo dragons
  Maggie (D:8)
  A troll (D:8)
  Grinder (D:3)
  6 yaks (D:8)
  A wyvern (D:8)
  A water moccasin (D:7)
  6 black bears
  An orc warrior (D:8)
  An ice beast (D:5)
  2 ogres
  A sky beast (D:7)
  3 phantoms
  A kobold brigand (D:8)
  5 bullfrogs
  A gnoll sergeant (D:8)
  4 scorpions
  A killer bee (D:8)
  3 vampire bats (D:6)
  6 howler monkeys
  A crimson imp (D:6)
  7 orc priests
  A hound (D:5)
  2 jellies
  A sleepcap (D:8)
  Jessica (D:3)
  2 iguanas
  Natasha (thrice) (D:3)
  5 orc wizards
  14 gnolls
  12 adders
  A white imp (D:7)
  A worm (D:3)
  3 dart slugs
  29 orcs
  2 bat skeletons (D:6)
  3 bat zombies (D:6)
  9 endoplasms
  13 giant cockroaches
  7 goblins
  7 hobgoblins
  3 jackals (D:2)
  10 quokkas
  7 ball pythons
  4 bats
  13 frilled lizards
  19 kobolds
  3 rats
232 creatures vanquished.

Vanquished Creatures (collateral kills)
  A foxfire (D:9)
1 creature vanquished.

Vanquished Creatures (others)
  836 foxfires
836 creatures vanquished.

Grand Total: 1069 creatures vanquished

Notes
Turn   | Place    | Note
-------+----------+-------------------------------------------
     0 | D:1      | retardedninja the Gnoll Fire Elementalist began the quest
                  | for the Orb.
     0 | D:1      | Reached XP level 1. HP: 13/13 MP: 6/6
   267 | D:1      | Reached XP level 2. HP: 19/19 MP: 3/7
   809 | D:1      | Reached skill level 5 in Spellcasting
   809 | D:1      | Reached XP level 3. HP: 24/25 MP: 6/9
  1622 | D:2      | Reached skill level 1 in Invocations
  1946 | D:2      | Reached skill level 1 in Fighting
  1946 | D:2      | Reached skill level 1 in Short Blades
  1946 | D:2      | Reached skill level 1 in Long Blades
  1946 | D:2      | Reached skill level 1 in Axes
  1946 | D:2      | Reached skill level 1 in Maces & Flails
  1946 | D:2      | Reached skill level 1 in Polearms
  1946 | D:2      | Reached skill level 1 in Staves
  1946 | D:2      | Reached skill level 1 in Ranged Weapons
  1946 | D:2      | Reached skill level 1 in Throwing
  1946 | D:2      | Reached skill level 1 in Armour
  1946 | D:2      | Reached skill level 1 in Shields
  1946 | D:2      | Reached skill level 1 in Unarmed Combat
  1946 | D:2      | Reached skill level 1 in Evocations
  2362 | D:2      | Reached XP level 4. HP: 6/32 MP: 2/11
  2581 | D:2      | Learned a level 2 spell: Scorch
  2995 | D:3      | Noticed Natasha
  2999 | D:3      | Reached skill level 1 in Hexes
  2999 | D:3      | Reached skill level 1 in Summonings
  2999 | D:3      | Reached skill level 1 in Necromancy
  2999 | D:3      | Reached skill level 1 in Translocations
  2999 | D:3      | Reached skill level 1 in Transmutations
  2999 | D:3      | Reached skill level 1 in Ice Magic
  2999 | D:3      | Reached skill level 1 in Air Magic
  2999 | D:3      | Reached skill level 1 in Earth Magic
  2999 | D:3      | Reached skill level 1 in Poison Magic
  3004 | D:3      | Killed Natasha
  3428 | D:3      | Noticed Grinder
  3571 | D:3      | Killed Grinder
  3572 | D:3      | Reached skill level 5 in Dodging
  3572 | D:3      | Reached XP level 5. HP: 38/38 MP: 1/12
  3572 | D:3      | Reached XP level 6. HP: 44/44 MP: 1/14
  4001 | D:3      | Noticed Jessica
  4007 | D:3      | Killed Jessica
  4145 | D:3      | Noticed Natasha
  4155 | D:3      | Killed Natasha
  4452 | D:3      | Noticed Natasha
  4464 | D:3      | Killed Natasha
  4594 | D:4      | Identified the +1 ring mail "Poridgh" {-Tele rElec rF-
                  | Stlth+}
  4615 | D:4      | Reached XP level 7. HP: 50/50 MP: 12/15
  4634 | D:4      | Found a glowing drain.
  4660 | Sewer    | Entered a sewer
  5268 | Sewer    | Reached skill level 5 in Stealth
  5278 | Sewer    | Identified the +4 scale mail "Urchu" {Str+2 Int+6 Dex-4}
  6230 | D:4      | Reached XP level 8. HP: 36/58 MP: 11/16
  6905 | D:5      | Entered Level 5 of the Dungeon
  8279 | D:5      | Identified the +0 leather armour of Plog {Harm}
  8481 | D:6      | Reached XP level 9. HP: 61/65 MP: 10/18
  8791 | D:6      | Found an ancient bone altar of Kikubaaqudgha.
  9343 | D:6      | Found a shimmering altar of Xom.
  9343 | D:6      | Found a burning altar of Makhleb.
  9605 | D:7      | Found a stormy altar of Qazlal.
  9941 | D:7      | Reached skill level 5 in Invocations
 10242 | D:7      | Learned a level 4 spell: Flame Wave
 10246 | D:7      | Learned a level 3 spell: Inner Flame
 10424 | D:7      | Noticed Pikel
 10430 | D:7      | Killed Pikel
 10552 | D:7      | Found a staircase to the Ecumenical Temple.
 10588 | Temple   | Entered the Ecumenical Temple
 10678 | Temple   | Became a worshipper of Cheibriados the Contemplative
 10791 | D:7      | Found Vybrigux's Distillery.
 10812 | D:7      | Reached skill level 5 in Fighting
 10812 | D:7      | Reached skill level 5 in Short Blades
 10812 | D:7      | Reached skill level 5 in Long Blades
 10812 | D:7      | Reached skill level 5 in Axes
 10812 | D:7      | Reached skill level 5 in Maces & Flails
 10812 | D:7      | Reached skill level 5 in Polearms
 10812 | D:7      | Reached skill level 5 in Staves
 10812 | D:7      | Reached skill level 5 in Ranged Weapons
 10812 | D:7      | Reached skill level 5 in Throwing
 10812 | D:7      | Reached skill level 5 in Armour
 10812 | D:7      | Reached skill level 5 in Shields
 10812 | D:7      | Reached skill level 5 in Unarmed Combat
 10812 | D:7      | Reached skill level 5 in Evocations
 10812 | D:7      | Reached XP level 10. HP: 66/74 MP: 11/20
 11279 | D:8      | Found a broken altar of Ashenzari.
 11545 | D:8      | Found a sacrificial altar of Ru.
 11547 | D:8      | Found an iron altar of Okawaru.
 11706 | D:8      | Reached * piety under Cheibriados
 11707 | D:8      | Reached skill level 5 in Conjurations
 12385 | D:8      | Noticed Maggie
 12397 | D:8      | Killed Maggie
 13265 | D:9      | HP: 2/76 [komodo dragon (18)]
 14327 | D:8      | Reached ** piety under Cheibriados
 14506 | D:8      | Slain by a troll

Illustrated notes

Levels and vault maps discovered:
D:1:      evilmike_arrival_plus, layout_basic, minmay_tromino_v4_b
D:2:      layout_basic
D:3:      layout_basic, minmay_vboxes, uniq_grinder, uniq_natasha, uniq_jessica
D:4:      layout_basic, portal_sewer_entry_f
D:5:      layout_cave_pools, minmay_strange_pillars, minmay_misc_feat_chi,
          minivault_11
D:6:      layout_rooms, kennysheep_vampire_church,
          grunt_temple_overflow_champion_of_chaos, chequers_jeans
D:7:      layout_loops_ring, mainiacjoe_overflow_six_doors_small,
          minmay_temple_entry_slanted, serial_shops, shop,
          minmay_misc_feat_square, uniq_pikel
D:8:      layout_basic, mainiacjoe_overflow_catwalk_spiral,
          evilmike_ruin_ashenzari, uniq_maggie
D:9:      layout_loops_corners, grunt_lair_entry_orc_guard_hut, enter_bailey_2,
          kennysheep_pointless_box, minmay_starry_boxes
Temple:   nicolae_temple_bog_church

Skill      XL: |  1  2  3  4  5  6  7  8  9 10 |
---------------+-------------------------------+-----
Conjurations   | 2 3 4 5 |  5.4
Spellcasting   | 5 6 7 |  7.8
Invocations    | 1 2 3 4 5 6 |  6.5
Fighting       | 1 2 3 5 |  5.9
Short Blades   | 1 2 3 5 |  5.9
Long Blades    | 1 2 3 5 |  5.9
Axes           | 1 2 3 5 |  5.9
Maces & Flails | 1 2 3 5 |  5.9
Polearms       | 1 2 3 5 |  5.9
Staves         | 1 2 3 5 |  5.9
Ranged Weapons | 1 2 3 5 |  5.9
Throwing       | 1 2 3 5 |  5.9
Armour         | 1 2 3 5 |  5.9
Shields        | 1 2 3 5 |  5.9
Unarmed Combat | 1 2 3 5 |  5.9
Evocations     | 1 2 3 5 |  5.9
Hexes          | 1 2 3 4 |  4.9
Summonings     | 1 2 3 4 |  4.9
Necromancy     | 1 2 3 4 |  4.9
Translocations | 1 2 3 4 |  4.9
Transmutations | 1 2 3 4 |  4.9
Ice Magic      | 1 2 3 4 |  4.9
Air Magic      | 1 2 3 4 |  4.9
Earth Magic    | 1 2 3 4 |  4.9
Poison Magic   | 1 2 3 4 |  4.9
Dodging        | 5 6 7 |  7.5
Stealth        | 5 6 7 |  7.3
Fire Magic     | 6 7 |  7.4

Action                     |  1- 3 |  4- 6 |  7- 9 | 10-12 || total
---------------------------+-------+-------+-------+-------++-------
  Melee: Spear             |       |    12 |    55 |    11 ||    78
         Bite              |       |     1 |     8 |     2 ||    11
         Punch             |       |     1 |     1 |     2 ||     4
         Lance             |       |       |       |     4 ||     4
   Cast: Foxfire           |   109 |    77 |   288 |    60 ||   534
         Scorch            |       |    18 |    80 |    41 ||   139
         Flame Wave        |       |       |       |    11 ||    11
  Evoke: Wand              |       |       |     5 |     8 ||    13
    Use: Scroll            |       |       |     7 |     6 ||    13
         Potion            |       |       |       |     5 ||     5
   Stab: Invisible         |       |       |       |     2 ||     2
 Armour: Robe              |     6 |    10 |    55 |    40 ||   111
         Skin              |       |     4 |       |       ||     4
  Dodge: Dodged            |    37 |    42 |   187 |   160 ||   426
  Block: Other             |       |       |       |    34 ||    34
         Reflection        |       |       |       |     1 ||     1
